 Dungeon Crawl Stone Soup version 0.26.1-11-gd32895ea62 (webtiles) character file.

Game seed: 10292052924452379511

349 Wormgod the Chopper (level 6, -1/53 HPs)
             Began as a Hill Orc Fighter on May 31, 2021.
             Was an Initiate of Makhleb.
             Slain by an ogre
             ... wielding a +0 giant club
              (14 damage)
             ... on level 3 of the Dungeon.
             The game lasted 00:12:57 (5285 turns).

Wormgod the Chopper (Hill Orc Fighter)              Turns: 5285, Time: 00:12:58

Health: -1/53      AC: 10    Str: 19    XL:     6   Next: 60%
Magic:  6/6        EV:  6    Int:  8    God:    Makhleb [......]
Gold:   206        SH: 14    Dex: 12    Spells: 5/5 levels left

rFire    . . .     SeeInvis .   a - +0 war axe
rCold    . . .     Faith    .   v - +0 tower shield
rNeg     . . .     Spirit   .   w - quicksilver dragon scales
rPois    .         Reflect  .   (no helmet)
rElec    .         Harm     .   (no cloak)
rCorr    .         Rampage  .   (no gloves)
Will     +....                  (no boots)
Stlth    +.........             (no amulet)
HPRegen  0.17/turn              (no ring)
MPRegen  0.10/turn              (no ring)

@: mighty
A: no striking features
a: Renounce Religion


You were on level 3 of the Dungeon.
You worshipped Makhleb.
Makhleb was noncommittal.
You visited 1 branch of the dungeon, and saw 4 of its levels.

You collected 206 gold pieces.

Inventory:

Hand Weapons
 a - a +0 war axe (weapon)
 n - a +0 mace
 s - a cursed +0 morningstar
Missiles
 f - 4 javelins (quivered)
Armour
 m - a scarf of harm
 o - a scarf of resistance
 q - a +0 pair of gloves
 v - a +0 tower shield (worn)
 w - quicksilver dragon scales (worn)
Wands
 l - a wand of enslavement (6)
Scrolls
 e - 3 scrolls of immolation {unknown}
 p - 3 scrolls of remove curse {unknown}
 t - a scroll of teleportation {unknown}
 u - 2 scrolls of fear {unknown}
Potions
 b - a potion of attraction {unknown}
 g - a potion of lignification {unknown}
 h - a potion of heal wounds {unknown}
 i - a potion of degeneration {unknown}
 j - a potion of resistance {unknown}
 k - 3 potions of curing {unknown}
 r - a potion of haste {unknown}


   Skills:
 * Level 4.5 Fighting
 * Level 6.4 Axes
 + Level 4.2 Armour
 * Level 1.9 Stealth
 + Level 4.0 Shields


You had 5 spell levels left.
You didn't know any spells.
Your spell library was empty.

Dungeon Overview and Level Annotations

Branches:
Dungeon (4/15)
 Temple: D:4-7

Altars:
Makhleb
Trog
Zin


Message History

You block the ogre's attack.
You hit the ogre.
The ogre is moderately wounded.
The ogre hits you with a +0 giant club!!
* * * LOW HITPOINT WARNING * * *
You hit the ogre but do no damage.
The ogre is moderately wounded.
You block the ogre's attack.
You climb upwards.
There is a stone staircase leading down here.
You feel very mighty all of a sudden. The ogre hits you with a +0 giant club.
* * * LOW HITPOINT WARNING * * *
You slash the ogre!
The ogre is severely wounded.
You block the ogre's attack.
You hit the ogre.
The ogre is almost dead.
The ogre hits you with a +0 giant club!
You die...

#.......#.# #...........##..#...
###.###.#.# #...........PP≈.####
#...#####.###...(.....[≈≈≈♣.#
##......#.#[...........≈≈≈≈##
#>.##.##.###....(........≈#####
#.###.#...##...................
##.....#.#[##...............####
#.....##.#.##.>O.........<..##
##.....#..#..#..@.............# #
#.....##.###.##.............#.# #
#.#.###..#.#..###...........#<# #
#####...##.##...####........#.###
##....###...###....#####.........
...####[..8......................
##....###...###....#####.........
#####...##.##...####.........##..
#.# ###..#.#..###............####


You could see an ogre.

Vanquished Creatures
  An iguana (D:4)
  2 orc wizards (D:4)
  A killer bee zombie (D:4)
  9 adders
  4 gnolls (D:3)
  A white imp (D:3)
  6 oozes
  A worm (D:3)
  5 dart slugs
  A leopard gecko (D:1)
  4 orcs
  10 bats
  5 giant cockroaches
  7 goblins
  8 hobgoblins
  6 jackals (D:2)
  4 frilled lizards
  8 kobolds
  14 rats
97 creatures vanquished.

Vanquished Creatures (others)
  15 plants (D:3)
15 creatures vanquished.

Grand Total: 112 creatures vanquished

Notes
Turn   | Place    | Note
-------+----------+-------------------------------------------
     0 | D:1      | Wormgod the Hill Orc Fighter began the quest for the Orb.
     0 | D:1      | Reached XP level 1. HP: 19/19 MP: 1/1
   323 | D:1      | Reached skill level 3 in Axes
   323 | D:1      | Reached XP level 2. HP: 23/27 MP: 2/2
   955 | D:2      | Reached XP level 3. HP: 33/33 MP: 3/3
  1318 | D:2      | Reached skill level 4 in Axes
  1497 | D:2      | Reached XP level 4. HP: 33/40 MP: 4/4
  1673 | D:2      | Reached skill level 1 in Stealth
  2638 | D:3      | Reached skill level 5 in Axes
  2691 | D:3      | Reached XP level 5. HP: 46/46 MP: 5/5
  4419 | D:3      | Found a glowing silver altar of Zin.
  4419 | D:3      | Found a burning altar of Makhleb.
  4420 | D:3      | Noticed a cacodemon
  4420 | D:3      | Noticed an angel
  4444 | D:3      | Became a worshipper of Makhleb the Destroyer
  4600 | D:4      | Reached skill level 6 in Axes
  4600 | D:4      | Reached XP level 6. HP: 32/53 MP: 6/6
  5096 | D:4      | Found a bloodstained altar of Trog.
  5285 | D:3      | Slain by an ogre

Illustrated notes

Levels and vault maps discovered:
D:1:      lemuel_arrival_hallway, layout_basic
D:2:      minmay_chambers_of_ones, layout_loops_ring
D:3:      minmay_general_purpose_star, layout_rooms,
          grunt_temple_overflow_order_and_chaos_2, serial_bayou,
          serial_bayou_pond_d, serial_bayou_lagoon_b, serial_bayou_shore_b,
          serial_bayou_pond_d
D:4:      layout_cave_pools, riverfiend_overflow_shadow_ancestor,
          portal_sewer_entry_d, serial_shops, shop, minmay_liquid_box,
          trog_hazing_becter

Skill      XL: |  1  2  3  4  5  6 |
---------------+-------------------+-----
Axes           | 3 4 5 6 |  6.4
Stealth        | 1 |  1.9
Fighting       | 4 |  4.5
Armour         | 4 |  4.2
Shields        | 4 |  4.0

Action                   |  1- 3 |  4- 6 || total
-------------------------+-------+-------++-------
Melee: War axe           |   100 |   283 ||   383
  Use: Potion            |       |     1 ||     1
Armor: Scale mail        |    42 |   105 ||   147
       Quicksilver drago |       |    47 ||    47
Dodge: Dodged            |    22 |    89 ||   111
Block: Kite shield       |    59 |   104 ||   163
       Tower shield      |       |    79 ||    79
